[Event "Team 45 45 League T86"]
[Site "Internet Chess Club"]
[Date "2020.10.15"]
[Round "3"]
[White "fledermaus"]
[Black "ChessJayden"]
[Result "1-0"]
[WhiteElo "1909"]
[BlackElo "1764"]
[Opening "QGD: Ragozin variation"]
[ECO "D38"]
[Time "17:30:39"]
[TimeControl "2700+45"]

1. Nf3 Nf6 2. c4 e6 3. Nc3 d5 4. d4 Bb4 5. Bg5 O-O 6. e3 h6 7. Bh4 Nbd7 8. cxd5
exd5 9. Qc2 b6 10. Bb5 Be7 11. Bc6 Rb8 12. O-O Bb7 13. Bxb7 Rxb7 14. Ne5 c5 15.
Nc6 Qe8 16. Nxe7+ Qxe7 17. Nxd5 Qd6 18. Nxf6+ Nxf6 19. dxc5 bxc5 20. b3 Ng4 21.
Bg3 Qc6 22. Rac1 Rc8 23. Rfd1 Rd7 24. Rxd7 Qxd7 25. Rd1 Qb7 26. Qc4 Nf6 27. Be5
Ne4 28. h4 Qb4 29. f3 Qxc4 30. bxc4 Nf6 31. Bxf6 gxf6 32. Rd6 Rb8 33. Rxf6 Rb1+
34. Kh2 Rc1 35. Rxh6 Rxc4 36. Ra6 Rxh4+ 37. Kg3 Rc4 38. Rxa7 Rc1 39. Rc7 Kg7 40.
Kf4 Kf6 41. e4 Rc2 42. g4 Rxa2 43. Rc6+ Kg7 44. Rxc5 Re2 45. Kf5 Rf2 46. f4 Re2
47. Rc7 Re3 48. g5 Rg3 49. e5 Re3 50. g6 Rh3 51. Rxf7+ Kh6 52. Rh7# {Black
checkmated} 1-0

[Event "Team 45 45 League T86"]
[Site "Internet Chess Club"]
[Date "2020.10.17"]
[Round "3"]
[White "handsomematch"]
[Black "JeffH"]
[Result "0-1"]
[WhiteElo "1253"]
[BlackElo "1786"]
[Opening "Pirc defense"]
[ECO "B07"]
[Time "12:01:35"]
[TimeControl "2700+45"]

1. e4 d6 2. d4 Nf6 3. Nc3 g6 4. f3 Bg7 5. Be3 c6 6. Bc4 O-O 7. Qd2 d5 8. Bd3
dxe4 9. fxe4 Ng4 10. Nf3 Qb6 11. O-O-O Nxe3 12. Qxe3 e5 13. Bc4 exd4 14. Nxd4
Bg4 15. Rd2 Nd7 16. h3 Ne5 17. Bb3 Bd7 18. Re1 a5 19. Nf5 Qxe3 20. Nxe3 b5 21.
a4 Bh6 22. Rde2 b4 23. Nd1 c5 24. Kb1 Rac8 25. Nc4 Nxc4 26. Bxc4 Bxa4 27. b3 Bc6
28. Nb2 Bg5 29. e5 Kg7 30. Nd3 a4 31. Nxc5 axb3 32. Bxb3 Bb5 33. Nd3 Rc3 34. Rd1
Rd8 35. Kb2 Bxd3 36. cxd3 Rdxd3 37. Rxd3 Rxd3 38. Bc2 Rg3 39. Be4 Rc3 40. Bd5 f5
41. e6 Bf6 42. Kb1 Be7 43. Rc2 Rd3 44. Bc4 Rg3 45. Kb2 g5 46. Rf2 f4 47. Be2 Kf6
48. Bg4 Kg6 49. Bf3 h5 50. Be4+ Kf6 51. Bd5 Ke5 52. Rd2 g4 53. hxg4 hxg4 54. Bc4
f3 55. gxf3 Rxf3 56. Re2+ Kd4 57. Bb3 g3 58. Rd2+ Ke3 59. Bd5 Kxd2 60. Bxf3 Ke3
61. Bd5 Kf2 62. Kb3 g2 63. Bxg2 Kxg2 64. Kc4 Kf3 65. Kd3 Kf4 66. Kd4 Kf5 67. Kd3
Kxe6 68. Kc2 Ke5 69. Kb3 Kd4 70. Kb2 Kc4 71. Kc2 b3+ 72. Kb1 Kc3 73. Kc1 b2+ 74.
Kb1 Bf6 75. Ka2 Kc2 76. Ka3 b1=Q 77. Ka4 Kc3 78. Ka5 Kc4 79. Ka6 Kc5 80. Ka7 Kc6
81. Ka8 Qb7# {White checkmated} 0-1

[Event "Team 45 45 League T86"]
[Site "Internet Chess Club"]
[Date "2020.10.17"]
[Round "3"]
[White "eevee11"]
[Black "Grenadier"]
[Result "0-1"]
[WhiteElo "960"]
[BlackElo "1560"]
[Opening "Caro-Kann: Steinitz variation"]
[ECO "B17"]
[Time "20:59:59"]
[TimeControl "2700+45"]

1. e4 c6 2. d4 d5 3. Nc3 dxe4 4. Nxe4 Nd7 5. Ng5 Ngf6 6. Bd3 e6 7. N1f3 h6 8.
Nxe6 fxe6 9. O-O Be7 10. Bg6+ Kf8 11. Re1 Nb6 12. Re2 Qc7 13. Be3 Nbd5 14. Ne5
Bd6 15. Nf3 Bd7 16. Bd2 Bf4 17. c4 Bxd2 18. Rxd2 Nf4 19. Ne5 Nxg6 20. Nxg6+ Kf7
21. Nxh8+ Rxh8 22. Qf3 Rf8 23. d5 exd5 24. cxd5 Kg8 25. d6 Qa5 26. Qb3+ Kh8 27.
Rdd1 b6 28. Re1 Qc5 29. Qd3 Nd5 30. Rf1 Qxd6 31. Qa6 Qc7 32. Qd3 Nf4 33. Qc2 Bf5
34. Qd2 Be4 35. f3 Bd5 36. Rfe1 Qf7 37. Re3 Qg6 38. g3 Nh3+ 39. Kg2 Ng5 40. Rf1
Qh5 41. h4 Nxf3 42. Qc3 Nd2+ 43. Kh3 Nxf1 44. Re7 Qf5+ 45. g4 Qf3+ 46. Qxf3
Rxf3+ 47. Kg2 Re3+ 48. Kxf1 Rxe7 49. Kf2 Bxa2 50. Kf3 Kg8 51. Kf4 Kf7 52. Kf3 a5
53. Kg3 g5 54. hxg5 hxg5 55. Kg2 b5 56. Kg1 b4 57. Kf1 a4 58. Kg1 a3 59. bxa3 b3
60. Kh1 Re2 61. Kg1 b2 62. Kf1 Rc2 63. Ke1 b1=Q# {White checkmated} 0-1

[Event "Team 45 45 League T86"]
[Site "Internet Chess Club"]
[Date "2020.10.15"]
[Round "3"]
[White "Ajolote"]
[Black "primerpaso"]
[Result "1-0"]
[WhiteElo "2016"]
[BlackElo "1765"]
[Opening "Sicilian: closed"]
[ECO "B24"]
[Time "14:05:29"]
[TimeControl "2700+45"]

1. e4 c5 2. Nc3 Nc6 3. g3 g6 4. Bg2 Bg7 5. d3 e6 6. Be3 b6 7. Qd2 Bb7 8. Nge2
Nge7 9. Bh6 O-O 10. h4 f6 11. Bxg7 Kxg7 12. h5 g5 13. O-O-O h6 14. d4 cxd4 15.
Nxd4 Na5 16. Qe2 Qb8 17. Rhf1 Rf7 18. f4 Nec6 19. Ndb5 Ba6 20. e5 f5 21. g4 Nb7
22. gxf5 exf5 23. e6 Re7 24. Rxd7 Nbd8 25. fxg5 hxg5 26. Rxf5 Rxd7 27. exd7 Qg3
28. Qd2 {Black resigns} 1-0

[Event "Team 45 45 League T86"]
[Site "Internet Chess Club"]
[Date "2020.10.19"]
[Round "3"]
[White "ElValero"]
[Black "hipopotamos"]
[Result "0-1"]
[WhiteElo "1668"]
[BlackElo "1741"]
[Opening "QGD Slav: exchange variation, 6.Bf4 Bf5"]
[ECO "D14"]
[Time "14:00:49"]
[TimeControl "2700+45"]

1. d4 d5 2. c4 c6 3. cxd5 cxd5 4. Nc3 Nc6 5. Nf3 Nf6 6. Bf4 Bf5 7. e3 a6 8. Rc1
e6 9. Bd3 Ne4 10. O-O Bb4 11. Bxe4 dxe4 12. Nd2 Bxc3 13. Rxc3 O-O 14. Qb3 Qd7
15. Nc4 Ra7 16. Bd6 Rd8 17. Bc5 b6 18. Nxb6 Qb7 19. Rfc1 Qb8 20. Qa4 Ne7 21.
Bxe7 Rxe7 22. Qxa6 e5 23. d5 Ra7 24. Qb5 Rxa2 25. h3 Bd7 26. Qc5 Rxb2 27. Nxd7
Rxd7 28. Qc8+ Rd8 29. Qc4 Qd6 30. Qxe4 h6 31. Rd1 g6 32. Rc6 Qe7 33. d6 Qd7 34.
Rc7 Qe6 35. Re7 Qf6 36. Qxe5 Qxf2+ {White resigns} 0-1

[Event "Team 45 45 League T86"]
[Site "Internet Chess Club"]
[Date "2020.10.16"]
[Round "3"]
[White "edelgado"]
[Black "andrew37"]
[Result "0-1"]
[WhiteElo "1474"]
[BlackElo "1702"]
[Opening "Sicilian: closed"]
[ECO "B23"]
[Time "18:08:08"]
[TimeControl "2700+45"]

1. e4 c5 2. Nc3 e6 3. g3 g6 4. Bg2 Bg7 5. d3 Ne7 6. Be3 d6 7. Qd2 O-O 8. Bh6
Nbc6 9. Nge2 Nd4 10. Bxg7 Kxg7 11. O-O Nec6 12. f4 f5 13. exf5 exf5 14. Nd5 Re8
15. Rfe1 Be6 16. Nxd4 Nxd4 17. c3 Nc6 18. Re2 Bxd5 19. Bxd5 Rxe2 20. Qxe2 Qe7
21. Re1 Re8 22. Qxe7+ Rxe7 23. Rxe7+ Nxe7 24. Bxb7 d5 25. d4 cxd4 26. cxd4 Kf6
27. Kf2 Ke6 28. b4 Kd6 29. a4 Kc7 30. Ba6 Nc6 31. b5 Nxd4 32. Ke3 Nb3 33. a5
{White resigns} 0-1

[Event "Team 45 45 League T86"]
[Site "Internet Chess Club"]
[Date "2020.10.15"]
[Round "3"]
[White "Andressa"]
[Black "fireball"]
[Result "1-0"]
[WhiteElo "1390"]
[BlackElo "1499"]
[Opening "French defense"]
[ECO "C00"]
[Time "20:01:33"]
[TimeControl "2700+45"]

1. e4 e6 2. Nf3 d5 3. exd5 exd5 4. d4 Bd6 5. Be2 Ne7 6. O-O O-O 7. Nc3 c6 8. Re1
Ng6 9. g3 Nd7 10. Bd3 f5 11. Bg5 Qc7 12. Nh4 Nxh4 13. Bxh4 h6 14. Be7 Bxe7 15.
Rxe7 Qd6 16. Qe2 Nf6 17. Re1 f4 18. Na4 fxg3 19. hxg3 b6 20. Qe5 Qxe5 21. R1xe5
Bd7 22. Be2 Rfe8 23. Nc3 Rxe7 24. Rxe7 Re8 25. Rxe8+ Bxe8 26. Bf3 Bg6 27. Bd1
Kf7 28. a3 Ke6 29. Kg2 Be4+ 30. f3 Bh7 31. Ne2 g5 32. c3 g4 33. f4 Ne4 34. Nc1
h5 35. Be2 Bf5 36. Nd3 Nd2 37. Ne5 c5 38. Nc6 a5 39. dxc5 bxc5 40. Nxa5 Kd6 41.
Kf2 Ne4+ 42. Kg2 c4 43. Bd1 Kc7 44. Ba4 Nc5 45. Be8 Kb6 46. Nc6 Nd3 47. Nd4 Be4+
48. Kf1 Nxb2 49. Bxh5 Na4 50. Bxg4 Nxc3 51. f5 Bd3+ 52. Kg2 Ne4 53. Bd1 Nc3 54.
Bf3 Kc5 55. f6 Bg6 56. Nc2 d4 57. Kf2 Nd5 58. Bxd5 Kxd5 59. a4 Ke5 60. a5 Kxf6
61. Nxd4 Ke5 62. Ne2 Kd5 63. Nf4+ Kc5 64. Nxg6 Kb5 65. Nf4 Kxa5 66. g4 c3 67.
Ne2 Kb4 68. Nxc3 Kxc3 69. g5 {Black resigns} 1-0

[Event "Team 45 45 League T86"]
[Site "Internet Chess Club"]
[Date "2020.10.18"]
[Round "3"]
[White "Legal"]
[Black "ulfbert"]
[Result "0-1"]
[WhiteElo "1936"]
[BlackElo "1919"]
[Opening "Caro-Kann: two knights, 3...Bg4"]
[ECO "B11"]
[Time "21:30:41"]
[TimeControl "2700+45"]

1. e4 c6 2. Nc3 d5 3. Nf3 Bg4 4. h3 Bxf3 5. Qxf3 e6 6. Be2 Nd7 7. d4 dxe4 8.
Nxe4 Ngf6 9. Nxf6+ Nxf6 10. c3 Qb6 11. O-O Be7 12. a4 a5 13. Qg3 O-O 14. Bh6 Ne8
15. Rab1 Qb3 16. Bd1 Qd5 17. Bc2 Qh5 18. Bf4 Rd8 19. Qe3 Bd6 20. Bg5 Nf6 21. Be4
Rd7 22. g4 Nxg4 23. hxg4 Qh2# {White checkmated} 0-1

[Event "Team 45 45 League T86"]
[Site "Internet Chess Club"]
[Date "2020.10.17"]
[Round "3"]
[White "Ehab"]
[Black "The7thGuest"]
[Result "1/2-1/2"]
[WhiteElo "1858"]
[BlackElo "1861"]
[Opening "Sicilian: Nimzovich-Rossolimo attack (without ...d6)"]
[ECO "B30"]
[Time "07:00:31"]
[TimeControl "2700+45"]

1. e4 c5 2. Nf3 Nc6 3. Bb5 Nd4 4. Bc4 e6 5. c3 Nxf3+ 6. Qxf3 d6 7. O-O Nf6 8. d3
Be7 9. Re1 O-O 10. Nd2 d5 11. Bb3 b6 12. e5 Ne8 13. d4 f6 14. Qh3 fxe5 15. dxe5
g6 16. Nf3 Ng7 17. Bh6 Rf5 18. g4 Rf7 19. Rad1 Qf8 20. Re3 d4 21. cxd4 cxd4 22.
Nxd4 Bc5 23. Bxe6 Bxd4 24. Bxf7+ Qxf7 25. Rxd4 Ne6 26. Qf3 Qxf3 27. Rxf3 Bb7 28.
Rfd3 Nxd4 29. Rxd4 Bf3 30. Rf4 Bd5 31. Rf6 Bxa2 32. e6 Re8 33. e7 Bf7 34. Bf8
Rc8 35. Rd6 Rc1+ 36. Kg2 Be8 37. Rd2 Rc4 38. Kg3 b5 39. f4 Kf7 40. Re2 a5 41.
Bh6 a4 42. Bg5 b4 43. f5 gxf5 44. gxf5 a3 45. bxa3 bxa3 46. Re6 Rc6 47. Re1 a2
48. h4 Rb6 49. Ra1 Rb2 50. Kf4 Ba4 51. Ke4 Bb3 52. Kd3 Rb1 53. Bf6 Rxa1 54. Bxa1
Kxe7 55. Ke4 Kf7 56. Kf4 h5 57. Kg5 Bd1 58. f6 Bg4 59. Kf4 Bd1 60. Ke3 Bg4 61.
Kd2 Be6 62. Kc3 Kg6 63. Kd4 Kf5 64. Ke3 Kg4 65. f7 Bxf7 66. Bf6 a1=Q 67. Bxa1
Kxh4 68. Kf4 Kh3 69. Bf6 h4 70. Bxh4 {Game drawn because neither player has
mating material} 1/2-1/2

[Event "Team 45 45 League T86"]
[Site "Internet Chess Club"]
[Date "2020.10.16"]
[Round "3"]
[White "fileman"]
[Black "QuieroAprender"]
[Result "1-0"]
[WhiteElo "1856"]
[BlackElo "1645"]
[Opening "Scotch: Romanishin variation"]
[ECO "C45"]
[Time "16:15:11"]
[TimeControl "2700+45"]

1. e4 e5 2. Nf3 Nc6 3. d4 exd4 4. Nxd4 Bc5 5. Nb3 Bb4+ 6. c3 Be7 7. Be2 Nf6 8.
f3 d5 9. exd5 Qxd5 10. Qxd5 Nxd5 11. O-O Be6 12. Bb5 O-O 13. Re1 a6 14. Bxc6
bxc6 15. N1d2 Bd6 16. Nd4 Bd7 17. Ne4 f5 18. Nxd6 cxd6 19. Bd2 Rab8 20. b3 c5
21. Ne2 f4 22. Rad1 g5 23. c4 Ne7 24. Nc3 Nf5 25. Ne4 h6 26. Bc3 Rbe8 27. Nf6+
Rxf6 28. Bxf6 Re6 29. Rxe6 Bxe6 30. Kf2 Kf7 31. Bc3 Ke7 32. g4 Ne3 33. Rc1 d5
34. cxd5 Bxd5 35. Bg7 c4 36. bxc4 Bxc4 37. Bxh6 Kf6 38. a3 Bb5 39. h4 gxh4 40.
Bxf4 Nd5 41. Bd2 Nb6 42. Rh1 Nc4 43. Bc1 Ne5 44. Bb2 {Black resigns} 1-0

[Event "Team 45 45 League T86"]
[Site "Internet Chess Club"]
[Date "2020.10.15"]
[Round "3"]
[White "Portola"]
[Black "DeepPoo"]
[Result "0-1"]
[WhiteElo "1652"]
[BlackElo "1702"]
[Opening "Torre attack (Tartakower variation)"]
[ECO "D03"]
[Time "14:02:26"]
[TimeControl "2700+45"]

1. d4 d5 2. Nf3 Nf6 3. Bg5 e6 4. e3 Nbd7 5. c3 Be7 6. Nbd2 O-O 7. Bd3 c5 8. Qe2
a6 9. a4 b6 10. O-O Bb7 11. Rfe1 Re8 12. e4 dxe4 13. Nxe4 Nxe4 14. Bxe4 Bxe4 15.
Bxe7 Bxf3 16. Qxf3 Qxe7 17. Rad1 Qf6 18. Qc6 Red8 19. Re3 Rac8 20. Qb7 a5 21.
Rf3 Qg6 22. Re1 cxd4 23. cxd4 Qg5 24. Rfe3 Qd5 25. Qa6 Rc4 26. b3 Rxd4 27. Qe2
Rd2 28. Qg4 Nf6 29. Qg3 Rd1 30. h4 Rxe1+ 31. Rxe1 h6 32. Qc7 Qd6 33. Qc4 Qd2 34.
Re2 Qd1+ 35. Kh2 Rd4 36. Qc8+ Kh7 37. Rc2 Rxh4+ {White resigns} 0-1

[Event "Team 45 45 League T86"]
[Site "Internet Chess Club"]
[Date "2020.10.18"]
[Round "3"]
[White "janh"]
[Black "chessfish1"]
[Result "1-0"]
[WhiteElo "1934"]
[BlackElo "1945"]
[Opening "Levitsky attack (Queen's bishop attack)"]
[ECO "D00"]
[Time "13:05:41"]
[TimeControl "2700+45"]

1. d4 d5 2. Bg5 f6 3. Bd2 Nc6 4. e3 e5 5. Bb5 Qd6 6. dxe5 fxe5 7. Bc3 Nf6 8. Nf3
e4 9. Nd4 Be7 10. a3 O-O 11. h3 Nxd4 12. Bxd4 c5 13. Bc3 Bd7 14. Be2 Rad8 15.
Nd2 Qe6 16. O-O Bc6 17. Nb3 b6 18. Qe1 Rd7 19. Rd1 Bd8 20. Rd2 Bc7 21. Qd1 Qd6
22. g3 Rdf7 23. Nc1 Nd7 24. Bg4 d4 25. Ne2 Qg6 26. Bxd4 cxd4 27. Nxd4 Ne5 28.
Bh5 Qf6 29. Nxc6 Qxc6 30. Bxf7+ Rxf7 31. Kg2 Qf6 32. Rd5 Nf3 33. Rd7 Qe6 34.
Rxc7 Rxc7 35. Qd8+ Kf7 36. Qxc7+ Qe7 37. Qxe7+ Kxe7 {Black resigns} 1-0

[Event "Team 45 45 League T86"]
[Site "Internet Chess Club"]
[Date "2020.10.18"]
[Round "3"]
[White "Sloggi"]
[Black "achessman"]
[Result "1/2-1/2"]
[WhiteElo "1982"]
[BlackElo "1903"]
[Opening "Richter-Veresov attack, Veresov variation"]
[ECO "D01"]
[Time "22:02:39"]
[TimeControl "2700+45"]

1. d4 d5 2. Nc3 Nf6 3. Bg5 Bf5 4. Bxf6 exf6 5. e3 c6 6. Bd3 Be6 7. Nf3 Bd6 8.
O-O O-O 9. e4 Bc7 10. Re1 Re8 11. exd5 cxd5 12. Ne2 Nc6 13. c3 Bg4 14. Ng3 Rxe1+
15. Qxe1 Bxf3 16. gxf3 Qd6 17. Qe3 h5 18. Re1 g6 19. Bc2 Kg7 20. h4 f5 21. Bxf5
Qf6 22. Bc2 Qxh4 23. Kg2 Bf4 24. Qd3 Qg5 25. Kh3 h4 26. Ne2 Bc7 27. Rg1 Qf6 28.
Rg4 Re8 29. Ng1 Re1 30. Kg2 Re8 31. Nh3 Rh8 32. Qe3 Nd8 33. f4 Kf8 34. Ng5 h3+
35. Nxh3 Ne6 36. Qf3 Rxh3 37. Kxh3 Nxf4+ 38. Rxf4 Qxf4 39. Qxf4 Bxf4 40. b3 Bd2
41. c4 Bc3 42. cxd5 Bxd4 43. Kg3 Ke7 44. Be4 b5 45. a4 bxa4 46. bxa4 a5 47. Kg2
f5 48. Bf3 g5 49. Be2 Kd6 50. Bd3 f4 {Game drawn by mutual agreement} 1/2-1/2

[Event "Team 45 45 League T86"]
[Site "Internet Chess Club"]
[Date "2020.10.18"]
[Round "3"]
[White "primerpaso"]
[Black "Tufnell"]
[Result "1/2-1/2"]
[WhiteElo "1771"]
[BlackElo "1888"]
[Opening "English: symmetrical variation"]
[ECO "A38"]
[Time "14:02:46"]
[TimeControl "2700+45"]

1. c4 g6 2. Nc3 Bg7 3. g3 c5 4. Bg2 Nc6 5. Nf3 Nf6 6. d4 cxd4 7. Nxd4 O-O 8. O-O
Qa5 9. Nc2 d6 10. Bd2 Qh5 11. Nd5 Nxd5 12. cxd5 Ne5 13. Bc3 Bh3 14. f3 Bxg2 15.
Kxg2 Rac8 16. e4 Rc7 17. Ne3 Rfc8 18. Rc1 b5 19. Qd2 Qh6 20. f4 Nc4 21. Nxc4
Rxc4 22. Ba5 Qh5 23. Rxc4 Rxc4 24. Re1 Qg4 25. b3 Rc8 26. Re3 h5 27. h3 Qd7 28.
Bc3 Qc7 29. Bxg7 Kxg7 30. Kf3 Kg8 31. g4 hxg4+ 32. hxg4 Qc2 33. Qxc2 {Game drawn
by mutual agreement} 1/2-1/2

[Event "Team 45 45 League T86"]
[Site "Internet Chess Club"]
[Date "2020.10.17"]
[Round "3"]
[White "room-matt"]
[Black "ElValero"]
[Result "1-0"]
[WhiteElo "1807"]
[BlackElo "1682"]
[Opening "French: Winawer, advance variation"]
[ECO "C16"]
[Time "09:01:37"]
[TimeControl "2700+45"]

1. e4 e6 2. d4 d5 3. Nc3 Bb4 4. e5 b6 5. Qg4 Bf8 6. Bg5 Qd7 7. Bb5 c6 8. Bd3 Ba6
9. Bxa6 Nxa6 10. Qe2 Nb8 11. Nf3 Ne7 12. O-O Nf5 13. g4 Ne7 14. Nd2 h5 15. gxh5
Nf5 16. Nb3 Be7 17. Bd2 Qd8 18. Nd1 c5 19. dxc5 Bxc5 20. Kh1 Qh4 21. Qb5+ Nd7
22. Nxc5 bxc5 23. Qe2 Rxh5 24. Bf4 Qxf4 25. Qxh5 O-O-O 26. Ne3 g6 27. Qh3 Qxe5
28. c3 Rh8 29. Qg2 Nf6 30. Rae1 Rh5 31. Ng4 Qf4 32. Nxf6 Rg5 33. Qh3 Nh4 34. Ng8
Nf3 35. Re3 Nd2 36. Rg1 Rh5 37. Qg3 Qf5 38. Ne7+ {Black resigns} 1-0

[Event "Team 45 45 League T86"]
[Site "Internet Chess Club"]
[Date "2020.10.16"]
[Round "3"]
[White "laurenpar"]
[Black "MacroPawn"]
[Result "0-1"]
[WhiteElo "1818"]
[BlackElo "1891"]
[Opening "Nimzovich-Larsen attack: English variation"]
[ECO "A01"]
[Time "20:32:16"]
[TimeControl "2700+45"]

1. b3 c5 2. f4 Nf6 3. Nf3 d6 4. e3 g6 5. Bb2 Bg7 6. Nc3 a6 7. Ne4 Nbd7 8. Bd3
O-O 9. O-O b5 10. Nxf6+ Nxf6 11. Qe1 Rb8 12. Qh4 c4 13. Be2 Bf5 14. Rac1 Qc8 15.
Ng5 h6 16. Bxf6 exf6 17. Nf3 c3 18. d3 Bg4 19. e4 f5 20. h3 Bh5 21. exf5 Bxf3
22. Bxf3 Qxf5 23. Kh1 Rfe8 24. Bg4 Qf6 25. Qxf6 Bxf6 26. g3 Re3 27. Kg2 Bd4 28.
Bf3 Kg7 29. h4 Rbe8 30. Rh1 f5 31. Ra1 Bc5 32. a3 d5 33. Rhf1 Bd4 34. a4 b4 35.
Rac1 Rd8 36. Rfd1 Kf6 37. Rf1 Re7 38. Rce1 Be3 39. Re2 g5 40. hxg5+ hxg5 41.
fxg5+ Kxg5 42. Rh1 d4 43. Ree1 Rg7 44. Rh5+ Kf6 45. Reh1 Rdg8 46. R1h4 Rxg3+ 47.
Kh1 Rxf3 {White resigns} 0-1

[Event "Team 45 45 League T86"]
[Site "Internet Chess Club"]
[Date "2020.10.15"]
[Round "3"]
[White "cadmiumorange"]
[Black "martineden"]
[Result "1/2-1/2"]
[WhiteElo "1813"]
[BlackElo "1903"]
[Opening "Pirc: Austrian attack, dragon formation"]
[ECO "B07"]
[Time "10:06:28"]
[TimeControl "2700+45"]

1. e4 d6 2. Nc3 Nf6 3. f4 g6 4. Nf3 Bg7 5. d4 c5 6. Bb5+ Bd7 7. e5 Ng4 8. e6
fxe6 9. Ng5 Bxb5 10. Nxe6 Bxd4 11. Nxd8 Bf2+ 12. Kd2 Be3+ 13. Ke1 Bf2+ 14. Kd2
Be3+ {Game drawn by mutual agreement} 1/2-1/2

[Event "Team 45 45 League T86"]
[Site "Internet Chess Club"]
[Date "2020.10.14"]
[Round "3"]
[White "fishhead"]
[Black "pishd"]
[Result "1-0"]
[WhiteElo "1803"]
[BlackElo "1797"]
[Opening "French: Rubinstein variation"]
[ECO "C10"]
[Time "11:02:12"]
[TimeControl "2700+45"]

1. e4 e6 2. d4 d5 3. Nc3 dxe4 4. Nxe4 Nd7 5. Bd3 Ngf6 6. Ng3 c5 7. Nf3 cxd4 8.
Nxd4 Bc5 9. Nb3 Bd6 10. O-O Qc7 11. c4 b6 12. Bd2 Bb7 13. Rc1 Qc6 14. f3 Qc7 15.
f4 Rd8 16. Qe2 O-O 17. Bc3 Rfe8 18. Nh5 Nxh5 19. Qxh5 g6 20. Qh6 Bf8 21. Qg5 Be7
22. Qh6 Bf8 23. Qh3 Nc5 24. Bc2 Rd7 25. Nd4 Be4 26. Nb5 Qb7 27. Be5 Bxc2 28.
Rxc2 Nd3 29. Bf6 Bc5+ 30. Kh1 h5 31. Qh4 Nb4 32. Re2 Be7 33. a3 Nc6 34. h3 Red8
35. f5 Bxf6 36. Qxf6 exf5 37. Rfe1 Qa8 38. Nc3 Rd6 39. Qg5 Nd4 40. Re7 Re6 41.
R1xe6 Nxe6 42. Qf6 Rf8 43. Nd5 Qd8 44. Rxe6 Qxf6 45. Rxf6 Re8 46. Rc6 Re1+ 47.
Kh2 Rb1 48. b4 Ra1 49. c5 bxc5 50. Rxc5 Rxa3 51. Ra5 Rd3 52. Ne7+ Kf8 53. Rxa7
Rb3 54. Nc6 Rc3 55. Ne5 {Black resigns} 1-0

[Event "Team 45 45 League T86"]
[Site "Internet Chess Club"]
[Date "2020.10.17"]
[Round "3"]
[White "cayo89"]
[Black "haofangzhu"]
[Result "1/2-1/2"]
[WhiteElo "1501"]
[BlackElo "1782"]
[Opening "Queen's pawn, Mason variation"]
[ECO "D00"]
[Time "17:04:26"]
[TimeControl "2700+45"]

1. d4 d5 2. Bf4 e6 3. e3 Nf6 4. Nf3 Bd6 5. Bg3 c5 6. c3 Qc7 7. Bd3 Nbd7 8. Nbd2
e5 9. dxe5 Nxe5 10. Nxe5 Bxe5 11. Bxe5 Qxe5 12. Nf3 Qe6 13. O-O O-O 14. Re1 Re8
15. b3 b6 16. Rc1 Bb7 17. c4 Rad8 18. Qc2 Qc6 19. cxd5 Qxd5 20. Rcd1 Qh5 21. Be2
Be4 22. Qc4 Qf5 23. Rxd8 Rxd8 24. Rd1 Rxd1+ 25. Bxd1 Bxf3 26. gxf3 Qb1 27. Qc2
Qxc2 28. Bxc2 Nd5 29. Kf1 Kf8 30. Ke1 Ke7 31. Kd2 Kf6 32. Be4 Nc7 33. f4 h6 34.
h4 Ke6 35. Kd3 f6 {Game drawn by mutual agreement} 1/2-1/2

[Event "Team 45 45 League T86"]
[Site "Internet Chess Club"]
[Date "2020.10.18"]
[Round "3"]
[White "ascoli"]
[Black "MathBandit"]
[Result "1/2-1/2"]
[WhiteElo "1633"]
[BlackElo "1701"]
[Opening "Sicilian defense"]
[ECO "B30"]
[Time "11:01:42"]
[TimeControl "2700+45"]

1. e4 c5 2. Nf3 Nc6 3. d3 d6 4. g3 Nf6 5. Bg2 g6 6. O-O Bg7 7. c3 Bg4 8. Nbd2
O-O 9. h3 Bd7 10. d4 cxd4 11. cxd4 Qb6 12. e5 dxe5 13. dxe5 Nd5 14. Nc4 Qc5 15.
b3 Rfd8 16. Ba3 Qb5 17. Nd4 Nxd4 18. Qxd4 Bc6 19. Qc5 Qxc5 20. Bxc5 e6 21. Bd6
Rxd6 22. exd6 Bxa1 23. Rxa1 Rd8 24. a4 Nb4 25. Bxc6 Nxc6 26. Rd1 Kg7 27. f4 Kf6
28. Kf2 e5 29. Ke3 exf4+ 30. Kxf4 h6 31. h4 Nb4 32. Rd2 Na6 33. Rd5 b6 34. a5
Nb4 35. Rb5 Nd3+ 36. Ke3 Nc5 37. axb6 axb6 38. Rxb6 Rd7 39. Rc6 Nxb3 40. Nb6 Rb7
41. Nd5+ Ke6 42. Rc7 Rb5 43. Nf4+ Kxd6 44. Rxf7 Re5+ 45. Kf3 Nd4+ 46. Kg4 h5+
47. Kh3 g5 48. Nxh5 gxh4 49. Kxh4 Nf5+ 50. Kh3 Ke6 51. Rf6+ Ke7 52. g4 Ng7 53.
Rh6 Nxh5 54. gxh5 Kf7 55. Kg4 Kg7 56. Rg6+ Kh7 57. Rf6 Rb5 {Game drawn by mutual
agreement} 1/2-1/2

[Event "Team 45 45 League T86"]
[Site "Internet Chess Club"]
[Date "2020.10.20"]
[Round "3"]
[White "Redman1"]
[Black "Gojira"]
[Result "1/2-1/2"]
[WhiteElo "1567"]
[BlackElo "1518"]
[Opening "QGD Slav: 4.Nc3"]
[ECO "D15"]
[Time "06:00:29"]
[TimeControl "2700+45"]

1. c4 Nf6 2. Nc3 c6 3. d4 d5 4. Nf3 Bf5 5. cxd5 Nxd5 6. Qb3 Nb6 7. e4 Bg4 8. Be3
Bxf3 9. gxf3 e6 10. h4 Be7 11. h5 Bg5 12. f4 Bh6 13. O-O-O Qc7 14. e5 N8d7 15.
Ne4 Nc8 16. Kb1 Ndb6 17. Bh3 Nd5 18. f5 Nxe3 19. fxe3 exf5 20. Bxf5 O-O 21. Rhg1
Ne7 22. Qd3 Kh8 23. Bxh7 Nd5 24. Bf5 Nxe3 25. Rdf1 Nxf1 26. Qxf1 Rad8 27. Nd6
Rxd6 28. exd6 Qxd6 29. Qf2 Qf4 30. Qxf4 Bxf4 31. Rd1 Rd8 32. Re1 g6 {Game drawn
by mutual agreement} 1/2-1/2

[Event "Team 45 45 League T86"]
[Site "Internet Chess Club"]
[Date "2020.10.16"]
[Round "3"]
[White "Constrictor"]
[Black "Chess4Him"]
[Result "0-1"]
[WhiteElo "1524"]
[BlackElo "1532"]
[Opening "Réti: Nimzovich-Larsen attack"]
[ECO "A01"]
[Time "11:03:27"]
[TimeControl "2700+45"]

1. b3 d5 2. Nf3 Nf6 3. e3 c6 4. Bb2 Bg4 5. Be2 e6 6. Ne5 Bxe2 7. Qxe2 Nbd7 8. f4
Nxe5 9. fxe5 Ne4 10. d3 Qh4+ 11. g3 Nxg3 12. Qf2 Nf5 13. Qxh4 Nxh4 14. Ke2 g6
15. Nd2 Bh6 16. Ba3 Nf5 17. e4 Nd4+ 18. Kd1 Bg7 19. Bd6 Nb5 20. Nf3 Nxd6 {White
resigns} 0-1

[Event "Team 45 45 League T86"]
[Site "Internet Chess Club"]
[Date "2020.10.14"]
[Round "3"]
[White "Portola"]
[Black "LuFran"]
[Result "0-1"]
[WhiteElo "1667"]
[BlackElo "1777"]
[Opening "Queen's pawn game"]
[ECO "D02"]
[Time "17:16:45"]
[TimeControl "2700+45"]

1. d4 d5 2. Nf3 c6 3. c3 Bf5 4. Bg5 Nf6 5. Nbd2 Nbd7 6. e3 e6 7. Be2 h6 8. Bh4
Bd6 9. Qb3 Qc7 10. Bg3 Rb8 11. Bxd6 Qxd6 12. c4 O-O 13. O-O b6 14. cxd5 exd5 15.
Rac1 Rfc8 16. Rc3 c5 17. dxc5 bxc5 18. Qa3 a5 19. Rfc1 a4 20. b3 axb3 21. axb3
Ra8 22. Qb2 Rab8 23. Ra1 Ra8 24. Rcc1 Rxa1 25. Rxa1 Qb8 26. Qa3 Rc7 27. h3 Rb7
28. Bd1 Ne8 29. Qa2 Nd6 30. Bc2 Bxc2 31. Qxc2 Qc7 32. Ra8+ Rb8 33. Rxb8+ Qxb8
34. Qa2 Qb7 35. Qa4 Kh7 36. Qf4 Qb6 37. g4 Nf6 38. g5 hxg5 39. Nxg5+ Kg8 40. Qa4
Qb7 41. Qf4 Qe7 42. Qa4 Qb7 43. Qa5 Qc8 44. Qb6 Nfe8 45. Kg2 c4 46. bxc4 dxc4
47. Nde4 Nxe4 48. Nxe4 c3 49. Qc5 Qb7 50. f3 Qb2+ 51. Kg3 c2 52. Qc8 c1=Q 53.
Qxe8+ Kh7 54. Ng5+ Kg6 55. Qxf7+ Kxg5 56. h4+ Kh6 57. Qf4+ Kh7 58. Qf5+ g6 59.
Qf7+ Qg7 {White resigns} 0-1